 Dungeon Sprint DCSS version 0.31-a0-325-g067879e3d3 (webtiles) character file.

Game seed: 18175340117458024909

3822 Conn the Arsonist (level 10, -2/60 HPs)
             Began as an Octopode Fire Elementalist on July 18, 2023.
             Was an Elder of Sif Muna.
             Killed from afar by a deep elf zephyrmancer (34 damage)
             ... with a bolt of lightning
             ... in the Dungeon (Sprint III: "The Ten Rune Challenge").
             The game lasted 00:12:29 (1884 turns).

Conn the Arsonist (Octopode Fire Elementalist)      Turns: 1884, Time: 00:12:29

Health: -2/60      AC:  1    Str:  7    XL:     10   Next: 17%
Magic:  3/26       EV: 14    Int: 19    God:    Sif Muna [****..]
Gold:   2829       SH:  0    Dex: 13    Spells: 8/34 levels left

rFire   . . .        i - +8 quick blade "Saphos" {drain, rPois Will++ Int-3}
rCold   . . .        (no shield)
rNeg    . . .        (helmet restricted)
rPois   +            (no amulet)
rElec   .            (no ring)
rCorr   .            (no ring)
SInv    +            (no ring)
Will    ++...        (no ring)
Stlth   ++++         (no ring)
HPRegen 0.30/turn    (no ring)
MPRegen 0.20/turn    (no ring)
                     (no ring)

%: no teleportation
@: channelling
A: almost no armour, amphibious, 8 rings, camouflage 1, gelatinous body 1,
(nimble swimmer 1), tentacles, see invisible, evolution 1, subdued magic 1
a: Renounce Religion, Channel Magic, Forget Spell, Divine Exegesis


You were in the Dungeon.
You worshipped Sif Muna.
Sif Muna was greatly pleased with you.
You visited 1 branch You collected 4008 gold pieces.
You spent 1179 gold pieces at shops.

Inventory:

Hand Weapons
 f - a +2 long sword of holy wrath
 i - the +8 quick blade "Saphos" (weapon) {drain, rPois Will++ Int-3}
   (You bought it in a shop in the Dungeon)

   Int:       It affects your intelligence (-3).
   rPois:     It protects you from poison.
   Will:      It greatly increases your willpower.
Jewellery
 k - an amulet of regeneration
Wands
 g - a wand of polymorph (7)
Potions
 a - 3 potions of magic
 b - a potion of curing
 c - a potion of heal wounds
 d - a potion of haste
 e - a potion of berserk rage
 h - a potion of might
 j - a potion of degeneration {unknown}
 m - a potion of enlightenment
 n - 3 potions of mutation


   Skills:
 + Level 2.1 Fighting
 + Level 1.1 Long Blades
 + Level 5.0 Dodging
 - Level 6.5 Stealth
 - Level 0.2 Unarmed Combat
 * Level 12.5 Spellcasting
 * Level 6.7 Conjurations
 + Level 3.3 Hexes
 + Level 0.5 Summonings
 * Level 13.1 Fire Magic
 * Level 8.1 Ice Magic
 * Level 6.1 Invocations


You had 8 spell levels left.
You knew the following spells:

 Your Spells              Type           Power      Damage    Failure   Level
a - Foxfire               Conj/Fire      100%       2x1d9     1%          1
b - Scorch                Fire           94%        2d9       1%          2
c - Inner Flame           Hex/Fire       33%        N/A       1%          3
d - Flame Wave            Conj/Fire      38%        2d10      1%          4
e - Ozocubu's Armour      Ice            32%        N/A       1%          3
f - Fireball              Conj/Fire      19%        3d9       1%          5
g - Metabolic Englaciati  Hex/Ice        12%        N/A       13%         5
i - Summon Guardian Gole  Hex/Summ       14%        N/A       6%          3

Your spell library contained the following spells:

 Spells                   Type           Power      Damage    Failure   Level
 Dazzling Flash           Conj/Hex       46%        N/A       1%          3
 Volatile Blastmotes      Fire/Tloc      56%        2d14      1%          3
 Tukima's Dance           Hex            18%        N/A       3%          3
 Starburst                Conj/Fire      19%        6d7       12%         6
 Passage of Golubria      Tloc           9%         N/A       45%         4
 Plasma Beam              Fire/Air       14%        2x1d25    47%         6
 Yara's Violent Unravell  Hex/Tmut       7%         3d5       58%         5
 Simulacrum               Ice/Necr       10%        N/A       83%         6
 Ignition                 Fire           23%        3d8       83%         8
 Maxwell's Capacitive Co  Air            4%         ∞         100%        8


Dungeon Overview and Level Annotations

Branches:
Dungeon (1/1)

Altars:
Cheibriados
Dithmenos
Elyvilon
Fedhas
Gozag
Hepliaklqana
Kikubaaqudgha
Makhleb
Nemelex Xobeh
Okawaru
Qazlal
Ru
Sif Muna
Trog
Uskayaw
Vehumet
Wu Jian
Xom
Yredelemnul
Zin
The Shining One
Jiyva
Lugonu

Shops:
D *


Innate Abilities, Weirdness & Mutations

You cannot wear most types of armour.
You are amphibious.
You can wear up to eight rings at the same time.
Your skin changes colour to match your surroundings (Stealth+).
Your rubbery body absorbs attacks. (AC +1, EV +1)
((You are camouflaged when in or above water. (Stealth+)))
You have tentacles for arms and can constrict up to eight enemies at once.
You have supernaturally acute eyesight. (SInv)
You have hidden genetic potential.
Your spells are a little easier to cast, but a little less powerful.


Message History

Okay, then.
Unknown command.
Your icy armour cracks and falls away as you move.
Your magical contamination has completely faded away.
Casting: Scorch (safe; 1% risk of failure)
Confirm with . or Enter, or press ? or * to list all spells.
Aiming: Fireball (dangerous; 2% risk of failure)
Press: ? - help, Shift-Dir - straight line, f - deep elf knight
Aim: a deep elf knight, wielding a +0 scimitar and wearing a +0 leather armour (severely wounded, ally target) Really fire at your guardian golem?
The fireball explodes!
The fireball engulfs the deep elf knight!!
You kill the deep elf knight!
Sif Muna accepts your kill.
The fireball engulfs your guardian golem!
Your guardian golem resists.
Your guardian golem is moderately damaged.
The fireball engulfs the deep elf pyromancer!
The deep elf pyromancer is heavily wounded.
Your guardian golem disappears in a puff of smoke!
Your Fire Magic skill increases to level 13!
Your Ice Magic skill increases to level 8!
Your Invocations skill increases to level 6!
Unknown command.
Unknown command.
Casting: Fireball (dangerous; 1% risk of failure)
Confirm with . or Enter, or press ? or * to list all spells.
Aiming: Fireball (dangerous; 1% risk of failure)
Press: ? - help, Shift-Dir - straight line, f - deep elf pyromancer
Aim: a deep elf pyromancer, wielding a +0 dagger (moderately wounded)
The fireball explodes!
The fireball engulfs the deep elf pyromancer!!
You kill the deep elf pyromancer!
Sif Muna accepts your kill.
The fireball engulfs the deep elf zephyrmancer!
The deep elf zephyrmancer is moderately wounded.
The deep elf zephyrmancer points at you and mumbles some strange words.
The bolt of lightning hits you!!
Ouch! That really hurt!
You die...

▓▓▓▓▓▓ ▓▓▓ ###########
#..#.###.#######
___#___#__###.#.###§e'.#...#
...#__.#._#......).)##○#...##≈
##'#'###'##........_.#§#...≈≈≈
..........#.....@..###e#...##≈
)))).).)).#))..#.∩## #.'...#
[).######)#)#.#..#.# #######
.⌠.#__#...#)###########
...#v_#..)#....#.#.#..
'###__#...##.#..#.##.#
)).#__#...)##.#.#.##.#
___#__+...#)..#..#.O#
▓▓▓▓▓▓▓▓▓▓▓▓▓▓▓▓▓▓▓▓▓


You could see a deep elf zephyrmancer.

Vanquished Creatures
  An orc high priest (D)
  A deep elf knight (D)
  2 deep elf pyromancers (D)
  A deep elf zephyrmancer (D)
  An orc sorcerer (D)
  A shadow (D)
  2 orc warriors (D)
  4 two-headed ogres (D)
  A necrophage (D)
  A scorpion (D)
  A water elemental (D)
  2 orc priests (D)
  A jelly (D)
  A wizard (D)
  A necromancer (D)
  A kobold demonologist (D)
  3 humans (D)
  11 orcs (D)
  An endoplasm (D)
  A goblin (D)
  3 rats (D)
41 creatures vanquished.

Vanquished Creatures (others)
  96 foxfires (D)
96 creatures vanquished.

Grand Total: 137 creatures vanquished

Notes
Turn   | Place    | Note
-------+----------+-------------------------------------------
     0 | D        | Conn the Octopode Fire Elementalist began the quest for the
                  | Orb.
     0 | D        | Reached XP level 1. HP: 11/11 MP: 3/3
   101 | D        | Noticed a scorpion
   105 | D        | Killed a scorpion
   106 | D        | Reached skill level 6 in Fire Magic
   106 | D        | Reached XP level 2. HP: 17/17 MP: 1/6
   106 | D        | Reached XP level 3. HP: 21/21 MP: 1/8
   106 | D        | Reached XP level 4. HP: 27/27 MP: 1/9
   247 | D        | Noticed a water elemental
   252 | D        | Learned a level 2 spell: Scorch
   256 | D        | Killed a water elemental
   257 | D        | Reached skill level 7 in Fire Magic
   257 | D        | Reached XP level 5. HP: 10/31 MP: 2/12
   346 | D        | Learned a level 3 spell: Inner Flame
   351 | D        | Learned a level 4 spell: Flame Wave
   368 | D        | Gained mutation: You have hidden genetic potential. [potion
                  | of mutation]
   368 | D        | Gained mutation: Your spells are a little easier to cast,
                  | but a little less powerful. [potion of mutation]
   378 | D        | Found a radiant altar of Vehumet.
   378 | D        | Found a shimmering blue altar of Sif Muna.
   378 | D        | Found an ancient bone altar of Kikubaaqudgha.
   381 | D        | Reached skill level 5 in Stealth
   381 | D        | Reached skill level 5 in Spellcasting
   382 | D        | Noticed a rust devil
   383 | D        | Noticed a ynoxinul
   385 | D        | Reached skill level 8 in Fire Magic
   396 | D        | Learned a level 3 spell: Ozocubu's Armour
   399 | D        | Became a worshipper of Sif Muna the Loreminder
   480 | D        | Noticed a human
   480 | D        | Noticed a deep elf pyromancer
   481 | D        | Noticed a human
   487 | D        | Killed a deep elf pyromancer
   488 | D        | Reached skill level 1 in Fighting
   488 | D        | Reached skill level 1 in Hexes
   488 | D        | Reached skill level 10 in Fire Magic
   488 | D        | Reached XP level 6. HP: 3/38 MP: 3/17
   488 | D        | Reached XP level 7. HP: 4/43 MP: 3/18
   489 | D        | Killed a human
   490 | D        | Reached skill level 5 in Ice Magic
   493 | D        | Killed a human
   493 | D        | Reached * piety under Sif Muna
   494 | D        | Reached skill level 11 in Fire Magic
   494 | D        | Reached XP level 8. HP: 17/48 MP: 0/20
   494 | D        | Gained mutation: You have supernaturally acute eyesight.
                  | (SInv) [hidden potential]
   609 | D        | Found a glowing silver altar of Zin.
   609 | D        | Found an ornate altar of the Wu Jian Council.
   613 | D        | Found a glowing golden altar of the Shining One.
   613 | D        | Found a white marble altar of Elyvilon.
   620 | D        | Found a hide-covered altar of Uskayaw.
   620 | D        | Found an iron altar of Okawaru.
   620 | D        | Found a bloodstained altar of Trog.
   625 | D        | Found a basalt altar of Yredelemnul.
   625 | D        | Found a shadowy altar of Dithmenos.
   625 | D        | Found a sacrificial altar of Ru.
   632 | D        | Reached skill level 1 in Invocations
   767 | D        | Reached ** piety under Sif Muna
   767 | D        | Noticed a shadow
   772 | D        | Killed a shadow
   841 | D        | Found a blossoming altar of Fedhas.
   841 | D        | Found a stormy altar of Qazlal.
   842 | D        | Found a snail-covered altar of Cheibriados.
   842 | D        | Found a burning altar of Makhleb.
   842 | D        | Found a hazy altar of Hepliaklqana.
   842 | D        | Found a shimmering altar of Xom.
   842 | D        | Found an opulent altar of Gozag.
   842 | D        | Found a sparkling altar of Nemelex Xobeh.
   842 | D        | Found a corrupted altar of Lugonu.
   842 | D        | Found a viscous altar of Jiyva.
   955 | D        | Learned a level 6 spell: Starburst
   961 | D        | Learned a level 5 spell: Metabolic Englaciation
   994 | D        | Reached *** piety under Sif Muna
  1125 | D        | Noticed a two-headed ogre
  1153 | D        | Killed a two-headed ogre
  1154 | D        | Reached skill level 10 in Spellcasting
  1154 | D        | Reached skill level 5 in Conjurations
  1154 | D        | Reached XP level 9. HP: 32/54 MP: 10/23
  1255 | D        | Learned a level 3 spell: Dazzling Flash
  1258 | D        | Noticed an orc sorcerer
  1276 | D        | Noticed an orc high priest
  1285 | D        | Noticed a rust devil
  1286 | D        | Gained mutation: You have great hidden genetic potential.
                  | [hidden potential]
  1286 | D        | Lost mutation: You have great hidden genetic potential.
                  | [hidden potential expressed]
  1287 | D        | Killed an orc high priest
  1287 | D        | Reached **** piety under Sif Muna
  1287 | D        | HP: 1/54 [cloud of flame (19)]
  1288 | D        | Reached skill level 1 in Long Blades
  1288 | D        | Reached skill level 12 in Fire Magic
  1495 | D        | Noticed a smoke demon
  1496 | D        | Killed an orc sorcerer
  1496 | D        | Reached ***** piety under Sif Muna
  1496 | D        | Received a gift from Sif Muna
  1497 | D        | Reached skill level 5 in Invocations
  1630 | D        | Received a gift from Sif Muna
  1635 | D        | Got Sif Muna's Codex of Productive Anthracomancy {god gift}
  1791 | D        | Found Eruott's General Store.
  1812 | D        | Bought the +8 quick blade "Saphos" {drain, rPois Will++
                  | Int-3} for 859 gold pieces
  1812 | D        | Bought an amulet of regeneration for 300 gold pieces
  1812 | D        | Bought a scroll of identify for 20 gold pieces
  1822 | D        | Learned a level 3 spell: Summon Guardian Golem
  1834 | D        | Learned a level 5 spell: Fireball
  1838 | D        | Noticed a deep elf zephyrmancer
  1838 | D        | Noticed a deep elf zephyrmancer
  1838 | D        | Noticed a deep elf zephyrmancer
  1838 | D        | Noticed a deep elf pyromancer
  1838 | D        | Noticed a deep elf knight
  1874 | D        | Killed a deep elf zephyrmancer
  1875 | D        | Reached skill level 5 in Dodging
  1875 | D        | Reached XP level 10. HP: 29/60 MP: 5/26
  1882 | D        | Killed a deep elf knight
  1883 | D        | Reached skill level 13 in Fire Magic
  1884 | D        | Killed a deep elf pyromancer
  1884 | D        | Killed from afar by a deep elf zephyrmancer

Illustrated notes

Levels and vault maps discovered:
D:        dungeon_sprint_mu [sprint_mu_entry_cave, sprint_mu_temple_rooms,
          sprint_mu_d1_spiders, sprint_mu_d2_genie, sprint_mu_d3_branching,
          sprint_mu_orc_legion, sprint_mu_elf_gauntlet, sprint_mu_hive_nellie,
          sprint_mu_lair_fedhas, sprint_mu_vaults_butterflies,
          sprint_mu_slime_circle, sprint_mu_swamp_cave, sprint_mu_shoals_kraken,
          sprint_mu_blade_basic, sprint_mu_crypt_fortress,
          sprint_mu_tomb_spiral, sprint_mu_vestibule_basic,
          sprint_mu_gehenna_hellfire, sprint_mu_dis_giant,
          sprint_mu_tartarus_statrot, sprint_mu_cocytus_islands, sprint_mu_zot1]

Skill      XL: |  1  2  3  4  5  6  7  8  9 10 |
---------------+-------------------------------+-----
Dodging        | 3 4 5 |  5.0
Stealth        | 4 6 |  6.5
Spellcasting   | 3 4 8 10 12 | 12.5
Fire Magic     | 6 7 10 11 12 13 | 13.1
Conjurations   | 2 4 5 6 |  6.7
Fighting       | 1 2 |  2.1
Hexes          | 1 2 3 |  3.3
Ice Magic      | 4 5 6 7 8 |  8.1
Invocations    | 3 5 6 |  6.1
Long Blades    | 1 |  1.1
Unarmed Combat | |  0.2
Summonings     | |  0.5

Action                     |  1- 3 |  4- 6 |  7- 9 | 10-12 || total
---------------------------+-------+-------+-------+-------++-------
  Melee: Unarmed           |     1 |       |     3 |       ||     4
         Constrict         |       |       |     2 |       ||     2
         Long sword        |       |       |     1 |       ||     1
         Tentacles         |       |       |     1 |       ||     1
         Quick blade       |       |       |     2 |       ||     2
   Cast: Foxfire           |     6 |     5 |    47 |       ||    58
         Scorch            |       |    11 |    26 |       ||    37
         Inner Flame       |       |     2 |     8 |       ||    10
         Flame Wave        |       |       |     4 |       ||     4
         Ozocubu's Armour  |       |       |     3 |       ||     3
         Summon Guardian G |       |       |     2 |       ||     2
         Fireball          |       |       |       |     2 ||     2
 Invoke: Forget Spell      |       |       |     2 |       ||     2
         Channel Magic     |       |       |       |     1 ||     1
    Use: Scroll            |     1 |     2 |     4 |       ||     7
         Potion            |       |     1 |     2 |       ||     3
   Stab: Sleeping          |       |       |     1 |       ||     1
 Armour: Skin              |       |     1 |     3 |       ||     4
  Dodge: Dodged            |     1 |     2 |    14 |       ||    17

Table legend: (Time is in decaauts)
 A = Elapsed time spent in this place.
 B = Non-inter-level travel time spent in this place.
 C = Inter-level travel time spent in this place.
 D = Time resting spent in this place.
 E = Time spent auto-exploring this place.
 F = Levels seen in this place.
 G = Mean time per level.
                   A        B        C        D        E       F      G
               +--------+--------+--------+--------+--------+-----+--------+
         Total |   1883 |   1883 |      0 |   1075 |    179 |   1 | 1883.0 |
       Dungeon |   1883 |   1883 |      0 |   1075 |    179 |   1 | 1883.0 |
               +--------+--------+--------+--------+--------+-----+--------+

Top non-repeatable levels by time:
       D: 1883 daAuts
